AoeStats
← alexmavrovic

Migration

509004116Analyzed
1v1 RM · 8d ago on Sep 25, 2026· 51m 53s· 2 players
Game mode
Random Map
Map size
132×132
Population
200
Speed
Normal
Resources
Standard
Victory
Conquest
Starting age
Dark Age
Ending age
Imperial Age
RankedLock teamsTeams togetherTeam positionsShared explorationLock speedFull tech treeHidden civsTurbo modeCheats
Victory
Defeat
🇨🇦 Spanish · Canada
1225
+16
🇻🇪 Saracens · Venezuela
1221
-16
_DLAGON_
7:34 Loom
10:52 Feudal Age
11:47 Double-Bit Axe
13:38 Town Watch
17:20 Castle Age
15:02 Horse Collar
18:17 Medium Warships
18:53 Fletching
20:29 Bow Saw
21:24 Bodkin Arrow
30:17 Wheelbarrow
30:32 Scale Barding Armor
35:06 Padded Archer Armor
37:55 Imperial Age
36:13 Leather Archer Armor
35:24 Elite Skirmisher
37:42 Ballistics
36:51 Pikeman
38:40 Bracer
39:29 Heavy Warships
41:20 Scale Mail Armor
44:06 Chemistry
47:50 Forging
49:04 Conscription
51:19 Iron Casting
alexmavrovic
7:27 Loom
10:04 Feudal Age
11:54 Town Watch
16:45 Castle Age
15:58 Double-Bit Axe
17:52 Medium Warships
25:02 Horse Collar
27:26 Fletching
28:56 Wheelbarrow
28:56 Husbandry
29:37 Bodkin Arrow
30:25 Gold Mining
31:25 Bloodlines
41:14 Imperial Age
38:57 Bow Saw
38:47 Heavy Plow
38:39 Stone Mining
40:29 Stone Shaft Mining
41:46 Scale Barding Armor
42:26 Heavy Warships
42:03 Bracer
42:25 Hand Cart
42:46 Careening
42:42 Padded Archer Armor
43:50 Chemistry
42:21 Cavalier
44:07 Chain Barding Armor
44:56 Leather Archer Armor
45:03 Ballistics
45:05 Dry Dock
44:58 Clinker Construction
46:56 Plate Barding Armor
47:29 Shipwright
48:12 Forging
48:33 Paladin
49:58 Carvel Hull
51:03 Iron Casting
50:52 Supremacy
50:54 Conscription
50:35 Paladin
51:04 Light Cavalry
52:46 Blast Furnace
52:31 Masonry
53:01 Hoardings
Connection lost

Rejoining the realm…

Still unreachable

The connection could not be restored.

Session expired

The server has moved on; the page needs a fresh start.